 Dungeon Sprint DCSS version 0.28.0-62-gf88900778d (webtiles) character file.

Game seed: 1168622997488240353

394 cbfl8 the Cleaver (level 6, -1/67 HPs)
             Began as a Minotaur Berserker on Jan 14, 2024.
             Was an Elder of Trog.
             Slain by a killer bee (2 damage)
             ... in the Dungeon (Sprint IV: "Fedhas' Mad Dash").
             The game lasted 00:02:31 (1259 turns).

cbfl8 the Cleaver (Minotaur Berserker)              Turns: 1259, Time: 00:02:31

Health: -1/67      AC: 10    Str: 21    XL:     6   Next: 51%
Magic:  5/5        EV:  4    Int:  4    God:    Trog [****..]
Gold:   5          SH: 10    Dex: 12    Spells: 5/5 levels left

rFire   . . .      SeeInvis .   a - +0 hand axe
rCold   . . .      Faith    .   b - +0 tower shield
rNeg    . . .      Spirit   .   l - +0 chain mail
rPois   .          Reflect  .   (helmet restricted)
rElec   .          Harm     .   (no cloak)
rCorr   .          Rampage  .   (no gloves)
Will    .....      NoTele   +   (no boots)
Stlth   ..........              i - amulet of invisibility {+Inv}
HPRegen 0.21/turn               (no ring)
MPRegen 0.09/turn               (no ring)

@: lethally poisoned (-1 -> -12), on berserk cooldown, slowed, very slow
A: horns 2, retaliatory headbutt
a: Renounce Religion, Evoke Invisibility, Berserk, Trog's Hand, Brothers in Arms


You were in the Dungeon.
You worshipped Trog.
Trog was greatly pleased with you.
You visited 1 branch You collected 130 gold pieces.
You spent 125 gold pieces at shops.

Inventory:

Hand Weapons
 a - a +0 hand axe (weapon)
Armour
 b - a +0 tower shield (worn)
 l - a +0 chain mail (worn)
Jewellery
 i - the amulet of invisibility (around neck) {+Inv}
   (You found it in the Dungeon)

   [amulet of nothing]

   +Inv:      It lets you turn invisible.
Scrolls
 h - a scroll of blinking
 j - a scroll of enchant armour {unknown}
Potions
 c - a potion of curing
 d - a potion of heal wounds
 e - a potion of haste
 f - 2 potions of magic
 g - a potion of berserk rage


   Skills:
 + Level 10.3 Fighting
 + Level 10.6 Axes
 + Level 5.8 Armour
 - Level 2.1 Dodging
 + Level 0.9 Shields
 * Level 5.9 Evocations


You had 5 spell levels left.
You didn't know any spells.
Your spell library was empty.

Dungeon Overview and Level Annotations

Branches:
Dungeon (1/1)

Altars:
Cheibriados
Dithmenos
Elyvilon
Gozag
Hepliaklqana
Kikubaaqudgha
Makhleb
Nemelex Xobeh
Okawaru
Qazlal
Ru
Sif Muna
Trog
Uskayaw
Vehumet
Wu Jian
Xom
Yredelemnul
Zin
The Shining One
Beogh
Jiyva
Lugonu

Shops:
D ?[


Innate Abilities, Weirdness & Mutations

You have a pair of horns on your head.
You reflexively headbutt those who attack you in melee.


Message History

The killer bee stings you but does no damage. x2
The killer bee stings you.
The killer bee stings you but does no damage.
You block the killer bee's attack.
You are too injured to fight recklessly!
Unknown command.
You are too injured to fight recklessly!
You barely miss the queen bee.
The queen bee is lightly wounded.
You completely miss the killer bee. You slash the killer bee!
You kill the killer bee!
Trog accepts your kill.
You can now call in reinforcements.
You feel sick. The killer bee stings you.
You are more poisoned.
The killer bee poisons you! The killer bee stings you.
The killer bee stings you but does no damage.
You hit the queen bee. Your headbutt misses the queen bee.
The queen bee is lightly wounded.
You miss the killer bee. x2
You feel very sick. The killer bee stings you!
* * * LOW HITPOINT WARNING * * *
You block the killer bee's attack. The killer bee stings you.
* * * LOW HITPOINT WARNING * * *
You hit the killer bee.
The killer bee is moderately wounded.
You closely miss the killer bee. You hit the queen bee but do no damage.
You are no longer berserk.
You are exhausted.
You feel yourself slow down.
* * * LOW HITPOINT WARNING * * *
You feel very sick. The killer bee stings you.
* * * LOW HITPOINT WARNING * * *
You block the killer bee's attack. The killer bee stings you.
* * * LOW HITPOINT WARNING * * *
The queen bee stings you.
* * * LOW HITPOINT WARNING * * *
The killer bee stings you.
You die...

#########################
#<...#.....#.....#.⌠._._.
#PP..'.....'.#)..'.._._._
#PPP.#.....#.#...#..._._.
###############'##.._._._
*,,,♣..y@....'...#._._._.
*......♣yy...#...########
*.....♣..♣..######*****,,
*#+##*#+#####*,,+,,,,,,*,
*,,*,,,,+,,,,,,,**,,***,*
*,,*,,***,,,,,,,*,**,,*,,
*************************
*,,,,,,,,,,,,,,,,,,,,,,*
*∩,,,,,,,,,,,,,,,,,,,,,**


You could see a queen bee and 2 killer bees.

Vanquished Creatures
  2 scorpions (D)
  2 killer bees (D)
  4 oklob saplings (D)
  2 spriggans (D)
  A river rat (D)
  A rat (D)
12 creatures vanquished.

Vanquished Creatures (others)
  2 fungi (D)
2 creatures vanquished.

Grand Total: 14 creatures vanquished

Notes
Turn   | Place    | Note
-------+----------+-------------------------------------------
     0 | D        | cbfl8 the Minotaur Berserker began the quest for the Orb.
     0 | D        | Reached XP level 1. HP: 19/19 MP: 0/0
     9 | D        | Reached skill level 1 in Evocations
     9 | D        | Reached XP level 2. HP: 19/28 MP: 1/1
   202 | D        | Noticed an oklob sapling
   209 | D        | Killed an oklob sapling
   209 | D        | Reached ** piety under Trog
   210 | D        | Reached skill level 5 in Fighting
   210 | D        | Reached skill level 5 in Axes
   210 | D        | Reached XP level 3. HP: 7/37 MP: 2/2
   469 | D        | Noticed a scorpion
   469 | D        | Found the amulet of invisibility {+Inv}
   475 | D        | Killed a scorpion
   476 | D        | Reached XP level 4. HP: 42/47 MP: 3/3
   702 | D        | Found an opulent altar of Gozag.
   702 | D        | Found a hazy altar of Hepliaklqana.
   702 | D        | Found a burning altar of Makhleb.
   702 | D        | Found a sparkling altar of Nemelex Xobeh.
   702 | D        | Found a snail-covered altar of Cheibriados.
   702 | D        | Found a sacrificial altar of Ru.
   702 | D        | Found a shimmering blue altar of Sif Muna.
   702 | D        | Found a shimmering altar of Xom.
   702 | D        | Found a basalt altar of Yredelemnul.
   703 | D        | Found a viscous altar of Jiyva.
   703 | D        | Found a bloodstained altar of Trog.
   703 | D        | Found an ornate altar of the Wu Jian Council.
   710 | D        | Found an iron altar of Okawaru.
   710 | D        | Found a shadowy altar of Dithmenos.
   710 | D        | Found a glowing silver altar of Zin.
   711 | D        | Found an ancient bone altar of Kikubaaqudgha.
   711 | D        | Found a hide-covered altar of Uskayaw.
   712 | D        | Found a stormy altar of Qazlal.
   712 | D        | Found a white marble altar of Elyvilon.
   712 | D        | Found a glowing golden altar of the Shining One.
   713 | D        | Found a corrupted altar of Lugonu.
   713 | D        | Found a radiant altar of Vehumet.
   728 | D        | Reached XP level 5. HP: 12/53 MP: 2/4
  1030 | D        | Reached *** piety under Trog
  1034 | D        | Reached skill level 5 in Armour
  1034 | D        | Reached skill level 5 in Evocations
  1034 | D        | Reached XP level 6. HP: 64/64 MP: 5/5
  1170 | D        | Found Upotat's Armour Shop.
  1170 | D        | Found Rofez's Magic Scroll Emporium.
  1180 | D        | Bought a +0 chain mail for 45 gold pieces
  1192 | D        | Bought a scroll of magic mapping for 35 gold pieces
  1194 | D        | Bought a +0 tower shield for 45 gold pieces
  1206 | D        | Noticed a burning bush
  1206 | D        | Noticed a wandering mushroom
  1245 | D        | Noticed a queen bee
  1254 | D        | Reached skill level 10 in Fighting
  1254 | D        | Reached skill level 10 in Axes
  1257 | D        | Reached **** piety under Trog
  1259 | D        | HP: 3/67 [killer bee (5)]
  1259 | D        | HP: 1/67 [queen bee (2)]
  1259 | D        | Slain by a killer bee

Illustrated notes

Levels and vault maps discovered:
D:        dungeon_sprint_fedhas [sprint_temple]

Skill      XL: |  1  2  3  4  5  6 |
---------------+-------------------+-----
Fighting       | 4 5 7 8 9 10 | 10.3
Axes           | 4 5 7 8 9 10 | 10.6
Evocations     | 1 2 3 4 5 |  5.9
Armour         | 3 4 5 |  5.8
Dodging        | |  2.1
Shields        | |  0.9

Action                   |  1- 3 |  4- 6 || total
-------------------------+-------+-------++-------
Melee: Hand axe          |    13 |    34 ||    47
       Headbutt          |     2 |     4 ||     6
Invok: Berserk           |     2 |     5 ||     7
 Abil: Evoke Invisibilit |       |     1 ||     1
  Use: Scroll            |       |     1 ||     1
Armor: Chain mail        |       |    14 ||    14
Dodge: Dodged            |     5 |     7 ||    12
Block: Tower shield      |       |     9 ||     9
